 Dungeon Crawl Stone Soup version 0.31-a0-162-gc4c5a43528 (webtiles) character file.

Game seed: 6902402477878932977

4 Essalna the Firebug (level 1, -4/11 HPs)
             Began as a Tengu Fire Elementalist on June 13, 2023.
             Slain by a gnoll
             ... wielding a +0 club
              (6 damage)
             ... on level 1 of the Dungeon.
             The game lasted 00:00:36 (310 turns).

Essalna the Firebug (Tengu Fire Elementalist)        Turns: 310, Time: 00:00:36

Health: -4/11      AC:  5    Str:  8    XL:     1   Next: 70%
Magic:  0/4        EV: 12    Int: 15    God:
Gold:   13         SH:  0    Dex: 14    Spells: 3/4 levels left

rFire   . . .        (no weapon)
rCold   . . .        (no shield)
rNeg    . . .        a - +0 robe
rPois   .            f - +2 hat
rElec   .            (no cloak)
rCorr   .            e - +0 pair of gloves
SInv    .            (boots unavailable)
Will    .....        (no amulet)
Stlth   ++           (no ring)
HPRegen 0.21/turn    (no ring)
MPRegen 0.09/turn

%: no passive effects
@: no status effects
A: beak, talons 3
a: no special abilities


You were on level 1 of the Dungeon.
You visited 1 branch of the dungeon, and saw 1 of its levels.

You collected 13 gold pieces.

Inventory:

Armour
 a - a +0 robe (worn)
 e - a +0 pair of gloves (worn)
 f - a +2 hat (worn)
Jewellery
 c - a ring of flight
Scrolls
 d - a scroll of teleportation {unknown}
Potions
 b - a potion of magic


   Skills:
 + Level 0.4 Fighting
 - Level 2.1 Dodging
 - Level 2.0 Stealth
 - Level 2.0 Spellcasting
 + Level 1.7 Conjurations
 + Level 3.4 Fire Magic


You had 3 spell levels left.
You knew the following spells:

 Your Spells              Type           Power      Damage    Failure   Level
a - Foxfire               Conj/Fire      36%        2x1d5     8%          1

Your spell library contained the following spells:

 Spells                   Type           Power      Damage    Failure   Level
 Scorch                   Fire           22%        2d5       9%          2
 Inner Flame              Hex/Fire       6%         N/A       32%         3
 Volatile Blastmotes      Fire/Tloc      12%        2d11      32%         3
 Flame Wave               Conj/Fire      9%         2d6       58%         4


Dungeon Overview and Level Annotations

Branches:
Dungeon (1/15)

Altars:


Innate Abilities, Weirdness & Mutations

You have a beak for a mouth.
You have claws for feet.


Message History

Your foxfire dissipates! x2
You continue putting on your +2 hat. x2
You finish putting on your +2 hat.
A gnoll comes into view. It is wielding a +0 club.
The gnoll shouts!
You hear a shout!
Casting: Foxfire (safe; 8% risk of failure)
Confirm with . or Enter, or press ? or * to list all spells.
You conjure some foxfire!
Casting: Foxfire (safe; 8% risk of failure)
Confirm with . or Enter, or press ? or * to list all spells.
You conjure some foxfire!
The foxfire hits the gnoll.
The gnoll is lightly wounded.
A kobold comes into view. It is wielding a +0 club.
You hit the gnoll but do no damage. You claw the gnoll, but do no damage.
The gnoll is lightly wounded.
The foxfire hits the gnoll.
The gnoll is moderately wounded.
The foxfire hits the gnoll.
The gnoll is moderately wounded.
The gnoll attacks as you move away! The gnoll hits you with a +0 club.
The gnoll attacks as you move away! The gnoll barely misses you.
A ball python comes into view.
Casting: Foxfire (safe; 8% risk of failure)
Confirm with . or Enter, or press ? or * to list all spells.
You conjure some foxfire!
The ball python hisses angrily.
The gnoll hits you with a +0 club.
You hit the gnoll but do no damage.
The gnoll is moderately wounded.
The foxfire hits the gnoll.
The gnoll is heavily wounded.
The foxfire hits the gnoll.
The gnoll is heavily wounded.
The gnoll hits you with a +0 club.
* * * LOW HITPOINT WARNING * * *
Casting: Foxfire (safe; 8% risk of failure)
Confirm with . or Enter, or press ? or * to list all spells.
You conjure some foxfire!
The gnoll hits you with a +0 club.
Ouch! That really hurt!
You die...

#....†§§.v.#
..#..........#
..#..........#
..#..........#
#.#..........# ###
..#..........# ...
#............#
...##.###v#..........#
.......Kg@....#...########
....#.#S#.v...............
. #.#.#.###.#.#.########
#.#...# #...#.# # #.#.###
###.#.## # ##.#.# #......#
##### #....#
#.########...# ##.###
#.......##...# #.#
#######.##...#


You could see a gnoll (ally target), a ball python and a kobold.

Vanquished Creatures
  2 hobgoblins (D:1)
  A ball python (D:1)
  A frilled lizard (D:1)
  A rat (D:1)
5 creatures vanquished.

Vanquished Creatures (others)
  29 foxfires (D:1)
29 creatures vanquished.

Grand Total: 34 creatures vanquished

Notes
Turn   | Place    | Note
-------+----------+-------------------------------------------
     0 | D:1      | Essalna the Tengu Fire Elementalist began the quest for the
                  | Orb.
     0 | D:1      | Reached XP level 1. HP: 10/10 MP: 4/4
   310 | D:1      | Slain by a gnoll

Illustrated notes

Levels and vault maps discovered:
D:1:      dpeg_arrival_tiny_a, layout_basic, serial_shops, nicolae_shop_crystal,
          shapermc_ecumenical_altar_mp_vishouse

Action                     || total
---------------------------++-------
  Melee: Unarmed           ||     3
         Kick              ||     2
   Cast: Foxfire           ||    17
  Dodge: Dodged            ||     1

Table legend: (Time is in decaauts)
 A = Elapsed time spent in this place.
 B = Non-inter-level travel time spent in this place.
 C = Inter-level travel time spent in this place.
 D = Time resting spent in this place.
 E = Time spent auto-exploring this place.
 F = Levels seen in this place.
 G = Mean time per level.
                   A        B        C        D        E       F      G
               +--------+--------+--------+--------+--------+-----+--------+
         Total |    310 |    293 |     17 |      0 |    243 |   1 |  310.0 |
       Dungeon |    310 |    293 |     17 |      0 |    243 |   1 |  310.0 |
               +--------+--------+--------+--------+--------+-----+--------+

Top non-repeatable levels by time:
     D:1: 310 daAuts
